Unix NetHack Version 5.0.0-0 post-release - last build May 17 2026 04:57:42 (dc50c8380fa5e20985bfe3072449f57b8d9895ef,branch:main).

Game began 2026-05-21 20:20:01, ended 2026-05-21 20:38:05.

Eymerich, chaotic male elven Priest

                     ---------                               ----------
                     |.......                                |....[(((|
                     |.....                                  |........|
                     ....                                    |........|
                     -@-                                     |....<...|
                     fB                                      |........|
                      ################                       ----.-----
                         #           ####### -----               #
                                           ##...^|               #
                                          ###|...-####           #
                                             ....|   ####        #
                                             |...|      #        #
                                             |..(|      #        ##
                                             -.---      # --------|-
                                                        # |....>...|
                                                        ##..`......|
                                                          |........|
                                                          ----------

Eymerich the Acolyte         St:12 Dx:13 Co:15 In:9 Wi:18 Ch:9  Chaotic
Dlvl:3  $:37 HP:0(18) Pw:32(32) AC:4  Xp:3 T:1574 

Latest messages:
 Never mind.
 #
 What do you want to name? [abd-kmnps-vx or ?*]
 This door is locked.
 This door is locked.
 This door is locked.
 This door is locked.
 This door is locked.
 This door is locked.
 In what direction?
 Whammm!!
 In what direction?
 As you kick the door, it crashes open!
 You stop.  Puffa is in the way!
 You swap places with Puffa.
 You swap places with Puffa.
 You hit the goblin.
 The goblin hits!
 You hit the goblin.
 Puffa bites the goblin.
 The goblin is killed!
 y - an iron skull cap.
 You have a little trouble lifting a goblin corpse.  Continue? [ynq] (q)
 You have a little trouble lifting z - a goblin corpse.
 Your movements are slowed slightly because of your load.
 What do you want to throw? [$ans or ?*]
 In what direction?
 A goblin corpse hits the ceiling, then falls back on top of your head.
 Fortunately, you are wearing a hard helmet.
 A goblin corpse hits the doorway.
 Your movements are now unencumbered.
 You have a little trouble lifting a goblin corpse.  Continue? [ynq] (q)
 You have a little trouble lifting z - a goblin corpse.
 Your movements are slowed slightly because of your load.
 What do you want to throw? [$ans or ?*]
 In what direction?
 The corpse misses Puffa.
 Your movements are now unencumbered.
 Puffa eats a goblin corpse.
 You hit the giant bat.
 The giant bat bites!
 You hit the giant bat.
 The giant bat misses!
 The giant bat bites!
 You miss the giant bat.
 The giant bat bites!
 The giant bat bites!
 You die...
 Do you want your possessions identified? [ynq] (y)
 Do you want to see your attributes? [ynq] (y)

Inventory:
 Coins    ('$')
  $ - 37 gold pieces
 Weapons  (')')
  n - 5 +0 crossbow bolts (in quiver pouch)
  s - a +2 elven dagger
  a - a blessed +1 mace
 Armor    ('[')
  j - a +0 orcish helm (being worn)
  y - a +0 orcish helm
  t - a +0 dwarvish cloak (being worn)
  b - a +0 robe
  u - a blessed +0 elven mithril-coat (being worn)
 Comestibles  ('%')
  e - a clove of garlic
  v - 2 food rations
  f - a sprig of wolfsbane
  m - 4 lichen corpses
 Scrolls  ('?')
  p - a scroll of identify
 Spellbooks  ('+')
  g - a spellbook of protection
  h - a spellbook of remove curse
 Potions  ('!')
  d - 4 potions of holy water
 Tools    ('(')
  i - a wooden flute
  k - a mirror
 Gems/Stones  ('*')
  x - a jasper stone named soft

Eymerich the Priest's attributes:

Background:
 You were an Acolyte, a level 3 elven Priest.
 You were chaotic, on a mission for Poseidon
 who was opposed by Athena (lawful) and Hermes (neutral).
 You were right-handed.
 You were in the Dungeons of Doom, on level 3.
 You entered the dungeon 1574 turns ago.
 You had 54 experience points, 26 more were needed to attain level 4.

Basics:
 You had 0 out of 18 hit points.
 You had all 32 energy points (spell power).
 Your armor class was 4.
 Your wallet contained 37 zorkmids.
 Autopickup was off.

Final Characteristics:
 Your strength was 12 (limit:18).
 Your dexterity was 13 (limit:18).
 Your constitution was 15 (limit:16).
 Your intelligence was 9 (limit:20).
 Your wisdom was 18 (limit:20).
 Your charisma was 9 (limit:18).

Final Status:
 You weren't hungry.
 You were unencumbered.
 You were bare handed.
 You were unskilled in bare handed combat.

Final Attributes:
 You were devoutly aligned.
 Your items were somewhat protected from fire.
 Your items were somewhat protected from cold.
 You were telepathic.
 You had infravision.
 You were guarded.
 Your spell casting was impaired by metallic armor.
 You are dead.

Miscellaneous:
 You didn't encounter any bones levels.
 Total elapsed playing time was 18 minutes and 3 seconds.

Major events:
 Turn
    1: Eymerich the chaotic elven Priest entered the dungeon
 1166: attained the rank of Acolyte (level 3)
 1574: killed by a giant bat

Spells:
 Name                 Level Category     Fail Retention
 protection             1   clerical      94%  91%-100%
 remove curse           3   clerical      52%  91%-100%

Skills:
 Fighting Skills
   bare handed combat [Unskilled]
 Weapon Skills
   club               [Unskilled]
   mace               [Basic]
   morning star       [Unskilled]
   flail              [Unskilled]
   hammer             [Unskilled]
   quarterstaff       [Unskilled]
   polearms           [Unskilled]
   spear              [Unskilled]
   trident            [Unskilled]
   lance              [Unskilled]
   bow                [Unskilled]
   sling              [Unskilled]
   crossbow           [Unskilled]
   dart               [Unskilled]
   shuriken           [Unskilled]
   boomerang          [Unskilled]
   unicorn horn       [Unskilled]
 Spellcasting Skills
   healing spells     [Unskilled]
   divination spells  [Unskilled]
   clerical spells    [Basic]

Voluntary challenges:
 Character rerolling was not enabled.
 You were illiterate.
 You never genocided any monsters.
 You never polymorphed an object.
 You never changed form.
 You used no wishes.
Achievement:
 You attained the rank of Acolyte.

 The Dungeons of Doom: levels 1 to 4
    Level 1:
       A fountain.
    Level 2:
    Level 3: <- You were here.
       Final resting place for
          you, killed by a giant bat.
    Level 4:


Vanquished creatures:
  a water nymph
  a floating eye
  a hobbit
  a green mold
  6 jackals
  2 goblins
  a grid bug
  7 lichens
  a kobold zombie
  5 newts
26 creatures vanquished.

No species were genocided or became extinct.

Game over:
                       ----------
                      /          \
                     /    REST    \
                    /      IN      \
                   /     PEACE      \
                  /                  \
                  |     Eymerich     |
                  |      37 Au       |
                  |   killed by a    |
                  |    giant bat     |
                  |                  |
                  |                  |
                  |       2026       |
                 *|     *  *  *      | *
        _________)/\\_//(\/(/\)/\//\/|_)_______

Goodbye Eymerich the Priest...

You died in The Dungeons of Doom on dungeon level 3 with 400 points,
and 37 pieces of gold, after 1574 moves.
You were level 3 with a maximum of 18 hit points when you died.

